 Dungeon Crawl Stone Soup version 0.32-a0-960-g3814254bd7 (webtiles) character file.

Game seed: 5026648266318450288

3969 Autsider the Covert (level 10, -8/51 HPs)
             Began as a Vampire Enchanter on Apr 17, 2024.
             Shot with an arrow by a centaur warrior (10 damage)
             ... on level 8 of the Dungeon.
             The game lasted 00:30:32 (7756 turns).

Autsider the Covert (Vampire Enchanter)             Turns: 7756, Time: 00:30:33

Health: -8/51      AC:  5    Str:  7    XL:     10   Next: 2%
Magic:  19/26      EV: 12    Int: 22    God:
Gold:   329        SH:  5    Dex: 15    Spells: 11/19 levels left

rFire   . . .        I - +5 rapier (speed)
rCold   + + .        p - +0 buckler
rNeg    + + +        E - +0 troll leather armour
rPois   ∞            h - +0 helmet
rElec   .            r - +0 cloak
rCorr   .            (no gloves)
SInv    +            (no boots)
Will    +....        (no amulet)
Stlth   ++++++       e - ring of poison resistance
HPRegen 0.00/turn    g - ring of magical power
MPRegen 0.20/turn

%: no passive effects
@: confusing by touch, bloodless, inhibited regen
A: bloodless, fangs 3, see invisible, vampiric 2
a: Bat Form, Revivify


You were on level 8 of the Dungeon.
You visited 2 branches of the dungeon, and saw 9 of its levels.

You collected 472 gold pieces.
You spent 143 gold pieces at shops.

Inventory:

Hand Weapons
 a - a +1 dagger
 u - a +2 short sword of venom
 I - a +5 rapier of speed (weapon)
Missiles
 i - 6 curare-tipped darts (quivered)
 y - 5 javelins
 A - 9 poisoned darts
 B - 6 boomerangs
Armour
 h - a +0 helmet (worn)
 p - a +0 buckler (worn)
 r - a +0 cloak (worn)
 E - a +0 troll leather armour (worn)
 L - an orb of mayhem
Jewellery
 e - a ring of poison resistance (left hand)
 g - a ring of magical power (right hand)
Wands
 D - a wand of flame (21)
 F - a wand of polymorph (6)
Scrolls
 b - a scroll of summoning {unknown}
 d - 2 scrolls of fear
 j - a scroll of revelation
 k - 3 scrolls of teleportation {@r2}
 m - 3 scrolls of poison
 n - 5 scrolls of amnesia
 x - 2 scrolls of noise
 C - a scroll of blinking
 G - 3 scrolls of vulnerability {unknown}
 H - a scroll of identify {@r1}
Potions
 c - 2 potions of invisibility
 f - 3 potions of curing
 l - a potion of lignification
 o - 3 potions of attraction
 q - 2 potions of might
 s - a potion of ambrosia {unknown}
 t - a potion of berserk rage {unknown}
 v - a potion of heal wounds {unknown}
 w - a potion of mutation {unknown}
 z - 3 potions of enlightenment {unknown}
 K - 2 potions of degeneration {unknown}


   Skills:
 + Level 0.5 Fighting
 + Level 6.1 Short Blades
 + Level 0.5 Armour
 + Level 6.1 Dodging
 - Level 10.0 Stealth
 - Level 6.0 Shields
 + Level 5.0 Spellcasting
 - Level 10.0 Hexes
 - Level 2.0 Ice Magic


You had 11 spell levels left.
You knew the following spells:

 Your Spells              Type           Power      Damage    Failure   Level
a - Ensorcelled Hibernat  Hex/Ice        62%        N/A       3%          2
b - Confusing Touch       Hex            49%        N/A       1%          3
c - Tukima's Dance        Hex            49%        N/A       1%          3

Your spell library contained the following spells:

 Spells                   Type           Power      Damage    Failure   Level
 Dazzling Flash           Conj/Hex       54%        N/A       9%          3
 Call Imp                 Summ           10%        N/A       34%         2
 Lesser Beckoning         Tloc           10%        N/A       34%         2
 Sublimation of Blood     Necr           5%         N/A       34%         2
 Maxwell's Portable Pile  Tloc           5%         2d(5-15)  56%         3
 Teleport Other           Tloc           5%         N/A       56%         3
 Summon Hydra             Summ           2%         N/A       100%        7


Dungeon Overview and Level Annotations

Branches:
Dungeon (8/15)             Temple (1/1) D:5
   Lair: D:8-11

Altars:
Ashenzari
Cheibriados
Fedhas
Gozag
Hepliaklqana
Kikubaaqudgha
Makhleb
Nemelex Xobeh
Okawaru
Ru
Trog
Vehumet
Wu Jian
Xom
Yredelemnul

Shops:
D:4 ?*


Innate Abilities, Weirdness & Mutations

You do not regenerate when monsters are visible.
You are frail without blood (-20% HP).
You can heal yourself when you bite living creatures.
You are immune to poison.
You have razor-sharp teeth.
You have supernaturally acute eyesight. (SInv)
You are afflicted with vampirism and can become a bat while bloodless.


Message History

Casting: Tukima's Dance (safe; 1% risk of failure)
Confirm with . or Enter, or press ? or * to list all spells.
Aiming: Tukima's Dance (safe; 1% risk of failure)
Press: ? - help, Shift-Dir - straight line, f - you
Okay, then.
There is a stone staircase leading down here.
You now have 329 gold pieces (gained 14).
There is a stone staircase leading down here.
The centaur warrior shouts!
A wraith comes into view.
The centaur warrior wields a +0 orcbow.
The centaur warrior shoots an arrow.
The arrow hits you!
The centaur warrior shoots an arrow.
The arrow barely misses you.
The centaur warrior shoots an arrow.
The arrow misses you.
The centaur warrior shoots an arrow.
You block the arrow.
The centaur warrior shoots an arrow.
The arrow hits you!
* * * LOW HITPOINT WARNING * * *
The centaur warrior shoots an arrow.
The arrow hits you!!
* * * LOW HITPOINT WARNING * * *
You feel better.
Casting: Tukima's Dance (safe; 1% risk of failure)
Confirm with . or Enter, or press ? or * to list all spells.
Your hands begin to glow red.
Casting: Confusing Touch (safe; 1% risk of failure)
Confirm with . or Enter, or press ? or * to list all spells.
Aiming: Ensorcelled Hibernation (safe; 3% risk of failure)
Press: ? - help, Shift-Dir - straight line, f - centaur warrior
Aim: a centaur warrior, wielding a +0 orcbow (chance to confuse on hit: 53%, chance to affect: 43%)
The centaur warrior resists with some effort.
The centaur warrior shoots an arrow.
The arrow barely misses you.
The centaur warrior shoots an arrow.
The arrow hits you!
* * * LOW HITPOINT WARNING * * *
Casting: Ensorcelled Hibernation (safe; 3% risk of failure)
Confirm with . or Enter, or press ? or * to list all spells.
Aiming: Ensorcelled Hibernation (safe; 3% risk of failure)
Press: ? - help, Shift-Dir - straight line, f/p - centaur warrior
Aim: a centaur warrior, wielding a +0 orcbow (chance to confuse on hit: 53%, chance to affect: 43%)
The centaur warrior resists with some effort.
The centaur warrior shoots an arrow.
The arrow hits you!
You die...

...#.....................#
........##.............W#########
.....................c....>......
..............###.#.#####.#####..
....................# #...# #..
>.................### #...# #..
...............c##### #...# #..
................###.# .###c ##..
................@...# .z W.#...
...<.............################
.................#####.....#
#...................†#.....#
.......#.......#####.......#
.#######.#...#...# ###.....#
.........#.#####.# #.....#
[####.#....# #.# #######
)).##)<[#### #.#


You could see a centaur warrior.

Vanquished Creatures
  Jeremiah (D:7)
  A troll (D:5)
  A steam dragon (D:6)
  Edmund (D:4)
  Duvessa (D:7)
  A water moccasin (D:8)
  An orc warrior (D:7)
  5 ice beasts
  3 sky beasts
  A centaur (D:8)
  An ogre (D:5)
  A phantom (D:5)
  2 bullfrogs
  2 scorpions
  A burial acolyte (D:6)
  Dowan (D:7)
  4 killer bees
  3 bombardier beetles
  2 jellies
  Crazy Yiuf (D:3)
  2 orc priests
  4 hounds
  5 iguanas
  A sleepcap (D:6)
  Natasha (thrice) (D:2)
  3 orc wizards
  A gnoll (D:8)
  6 adders
  A shadow imp (D:8)
  2 white imps
  An adder zombie (D:6)
  3 dart slugs
  2 ribbon worms
  22 orcs
  11 ball pythons
  7 bats
  12 endoplasms
  10 giant cockroaches
  3 goblins
  6 hobgoblins
  6 jackals
  4 quokkas
  6 frilled lizards
  A jackal zombie (D:6)
  6 kobolds
  6 rats
168 creatures vanquished.

Vanquished Creatures (collateral kills)
  2 orc warriors (D:8)
  2 ogres
  A gnoll sergeant (D:8)
  2 orc wizards (D:8)
  5 gnolls
  11 orcs
  A hobgoblin (D:3)
  A kobold (D:3)
  A quokka (D:3)
26 creatures vanquished.

Vanquished Creatures (others)
  4 dancing weapons
4 creatures vanquished.

Grand Total: 198 creatures vanquished

Notes
Turn   | Place    | Note
-------+----------+-------------------------------------------
     0 | D:1      | Autsider the Vampire Enchanter began the quest for the Orb.
     0 | D:1      | Reached XP level 1. HP: 13/13 MP: 3/3
     1 | D:1      | Found a runed translucent door.
   182 | D:1      | Reached XP level 2. HP: 18/19 MP: 5/5
   192 | D:1      | Reached skill level 5 in Stealth
   204 | D:1      | Reached skill level 5 in Hexes
   207 | D:1      | Learned a level 2 spell: Ensorcelled Hibernation
   337 | D:1      | Reached skill level 1 in Ice Magic
   600 | D:1      | Gained mutation: You are afflicted with vampirism and can
                  | become a bat while bloodless. [Vampire growth]
   600 | D:1      | Reached XP level 3. HP: 24/24 MP: 6/6
   655 | D:1      | Reached XP level 4. HP: 30/30 MP: 7/7
  1346 | D:2      | Noticed Natasha
  1355 | D:2      | Killed Natasha
  1356 | D:2      | Reached XP level 5. HP: 35/35 MP: 8/8
  1467 | D:2      | Noticed Natasha
  1476 | D:2      | Killed Natasha
  1676 | D:2      | Noticed Natasha
  1681 | D:2      | Killed Natasha
  1836 | D:3      | Learned a level 3 spell: Confusing Touch
  1840 | D:3      | Learned a level 3 spell: Tukima's Dance
  2108 | D:3      | Reached skill level 1 in Shields
  2108 | D:3      | Reached XP level 6. HP: 41/41 MP: 10/10
  2363 | D:3      | Found a runed translucent door.
  2364 | D:3      | Noticed Crazy Yiuf
  2496 | D:3      | Found a faded altar of an unknown god.
  2619 | D:3      | Killed Crazy Yiuf
  2895 | D:4      | Found Jiulaw's General Store.
  3015 | D:4      | Found Acoel's Magic Scroll Boutique.
  3054 | D:4      | Reached XP level 7. HP: 46/46 MP: 11/11
  3125 | D:4      | Bought a scroll of identify for 26 gold pieces
  3125 | D:4      | Bought a scroll of noise for 13 gold pieces
  3125 | D:4      | Bought a scroll of identify for 26 gold pieces
  3125 | D:4      | Bought a scroll of poison for 52 gold pieces
  3125 | D:4      | Bought a scroll of identify for 26 gold pieces
  3371 | D:4      | Found a snail-covered altar of Cheibriados.
  3371 | D:4      | Noticed Edmund
  3378 | D:4      | Killed Edmund
  3829 | D:5      | Entered Level 5 of the Dungeon
  4024 | D:5      | Reached XP level 8. HP: 43/52 MP: 13/13
  4216 | D:5      | Noticed a troll
  4258 | D:5      | Killed a troll
  4259 | D:5      | Reached skill level 5 in Dodging
  4558 | D:5      | Found a staircase to the Ecumenical Temple.
  4751 | Temple   | Entered the Ecumenical Temple
  5161 | D:6      | Reached skill level 5 in Short Blades
  5311 | D:6      | Reached XP level 9. HP: 45/45 MP: 15/15
  5555 | D:6      | Found an ancient bone altar of Kikubaaqudgha.
  6015 | D:7      | Noticed Dowan
  6016 | D:7      | Noticed Duvessa
  6019 | D:7      | Killed Duvessa
  6028 | D:7      | Killed Dowan
  6037 | D:7      | Identified the +0 leather armour of the Scribe {Int+3
                  | Dex+6}
  6255 | D:7      | Found a hazy altar of Hepliaklqana.
  6268 | D:7      | Noticed Jeremiah
  6819 | D:7      | Killed Jeremiah
  6820 | D:7      | Reached skill level 5 in Spellcasting
  6891 | D:7      | Reached skill level 10 in Stealth
  7038 | D:8      | Reached skill level 5 in Shields
  7064 | D:8      | Reached skill level 10 in Hexes
  7069 | D:8      | HP: 2/45 [killer bee (3)]
  7331 | D:8      | Found a broken altar of Ashenzari.
  7424 | D:8      | Found a blossoming altar of Fedhas.
  7443 | D:8      | Noticed a centaur warrior
  7445 | D:8      | Noticed a skeletal warrior
  7515 | D:8      | Found a shimmering altar of Xom.
  7528 | D:8      | Reached XP level 10. HP: 51/51 MP: 17/17
  7755 | D:8      | HP: 2/51 [centaur warrior/arrow (17)]
  7756 | D:8      | Shot with an arrow by a centaur warrior

Illustrated notes

Levels and vault maps discovered:
D:1:      dpeg_arrival_caged_fury, layout_rooms
D:2:      layout_loops_ring, minmay_indecisive_spiral, uniq_natasha
D:3:      layout_rooms, dreamdust_ecumenical_altar_grove,
          uniq_crazy_yiuf_cottage
D:4:      layout_basic, slow_altar_2, elyvilon_altar_3, serial_shops,
          nicolae_shop_gibbet_a_chance, serial_glass, glass_columns_c,
          glass_columns_b, kennysheep_windowed_goal, uniq_edmund
D:5:      layout_basic, minmay_temple_entry_statues
D:6:      layout_loops_ring, lemuel_zombie_altar_kikubaaqudgha,
          serial_park_tiny_pond
D:7:      layout_gridville, lemuel_round_altar, uniq_jeremiah, uniq_duvessa
D:8:      minmay_blocky_corners, layout_rooms, old_standard_altar,
          ashenzari_altar_1, grunt_temple_overflow_open
Temple:   jpeg_temple_alley_garden

Skill      XL: |  1  2  3  4  5  6  7  8  9 |
---------------+----------------------------+-----
Stealth        | 5 6 7 8 10 | 10.0
Hexes          | 5 6 7 8 10 | 10.0
Ice Magic      | 1 2 |  2.0
Short Blades   | 2 3 5 6 |  6.1
Dodging        | 3 4 5 6 |  6.1
Shields        | 1 2 3 6 |  6.0
Spellcasting   | 3 4 5 |  5.0
Fighting       | |  0.5
Armour         | |  0.5

Action                     |  1- 3 |  4- 6 |  7- 9 | 10-12 || total
---------------------------+-------+-------+-------+-------++-------
  Melee: Dagger            |   102 |   207 |       |       ||   309
         Bite              |    10 |    27 |    24 |     2 ||    63
         Short sword       |       |    13 |   116 |       ||   129
         Rapier            |       |       |    79 |    14 ||    93
   Cast: Ensorcelled Hiber |     5 |    35 |    47 |     5 ||    92
         Tukima's Dance    |       |     8 |    18 |       ||    26
         Confusing Touch   |       |     2 |    15 |     2 ||    19
Ability: Exsanguinate      |       |       |     1 |       ||     1
    Use: Scroll            |       |     6 |     4 |       ||    10
         Potion            |       |       |     1 |     1 ||     2
   Stab: Sleeping          |     6 |    28 |    43 |       ||    77
         Distracted        |       |     1 |       |       ||     1
         Confused          |       |     1 |     6 |     1 ||     8
 Armour: Robe              |    56 |   103 |    27 |       ||   186
         Troll leather arm |       |       |    81 |    16 ||    97
  Dodge: Dodged            |    60 |   107 |    79 |    16 ||   262
  Block: Buckler           |       |    23 |    38 |     8 ||    69

Table legend: (Time is in decaauts)
 A = Elapsed time spent in this place.
 B = Non-inter-level travel time spent in this place.
 C = Inter-level travel time spent in this place.
 D = Time resting spent in this place.
 E = Time spent auto-exploring this place.
 F = Levels seen in this place.
 G = Mean time per level.
                   A        B        C        D        E       F      G
               +--------+--------+--------+--------+--------+-----+--------+
         Total |   7693 |   6634 |   1059 |   1066 |   3720 |   9 |  854.8 |
       Dungeon |   7554 |   6633 |    921 |   1066 |   3720 |   8 |  944.2 |
        Temple |    139 |      1 |    138 |      0 |      0 |   1 |  139.0 |
               +--------+--------+--------+--------+--------+-----+--------+

Top non-repeatable levels by time:
     D:4: 1090 daAuts
     D:7: 1065 daAuts
     D:2: 1026 daAuts
     D:5: 1017 daAuts
     D:3: 977 daAuts
     D:6: 882 daAuts
     D:8: 776 daAuts
     D:1: 717 daAuts
  Temple: 139 daAuts
